 Dungeon Crawl Stone Soup version 0.29-a0-617-g7a6b98fccd (console) character file.

Game seed: 5097072200578363078

44 petzl the Vexing (level 3, -4/27 HPs)
             Began as a Formicid Arcane Marksman on June 17, 2022.
             Slain by a gnoll
             ... wielding a +0 whip
              (5 damage)
             ... on level 3 of the Dungeon.
             The game lasted 00:03:05 (1711 turns).

petzl the Vexing (Formicid Arcane Marksman)         Turns: 1711, Time: 00:03:06

Health: -4/27      AC:  2    Str: 14    XL:     3   Next: 85%
Magic:  4/5        EV: 12    Int: 14    God:
Gold:   61         SH:  0    Dex: 14    Spells: 4/5 levels left

rFire   . . .      SeeInvis +   a - +0 hand crossbow
rCold   . . .      Faith    .   (no shield)
rNeg    . . .      Spirit   .   b - +0 robe
rPois   .          Reflect  .   (helmet unavailable)
rElec   .          Harm     .   (no cloak)
rCorr   .          Rampage  .   (no gloves)
Will    .....                   (no boots)
Stlth   +.........              (no amulet)
HPRegen 0.09/turn               (no ring)
MPRegen 0.09/turn               (no ring)

@: confused
A: permanent stasis, dig shafts and tunnels, antennae 3, four strong arms
a: Dig, Shaft Self


You were on level 3 of the Dungeon.
You visited 1 branch of the dungeon, and saw 3 of its levels.

You collected 61 gold pieces.

Inventory:

Hand Weapons
 a - a +0 hand crossbow (weapon)
Armour
 b - a +0 robe (worn)
 h - a +0 tower shield
Scrolls
 c - a scroll of vulnerability
 d - a scroll of poison {unknown}
 e - a scroll of identify {unknown}
 f - a scroll of blinking {unknown}
 g - a scroll of fog {unknown}
 i - a scroll of amnesia {unknown}
 k - a scroll of immolation {unknown}
 m - a scroll of noise {unknown}
 o - a scroll of enchant weapon {unknown}
Potions
 j - a potion of resistance {unknown}
 l - a potion of heal wounds {unknown}
 n - a potion of mutation {unknown}


   Skills:
 + Level 1.8 Fighting
 + Level 2.3 Crossbows
 + Level 1.0 Armour
 + Level 2.1 Dodging
 + Level 1.7 Stealth
 + Level 1.6 Spellcasting
 - Level 3.6 Hexes


You had 4 spell levels left.
You knew the following spells:

 Your Spells              Type           Power      Damage    Failure   Level
a - Slow                  Hex            44%        N/A       5%          1

Your spell library contained the following spells:

 Spells                   Type           Power      Damage    Failure   Level
 Inner Flame              Hex/Fire       6%         N/A       34%         3
 Portal Projectile        Hex/Tloc       12%        N/A       34%         3
 Scorch                   Fire           2%         2d5       36%         2
 Cause Fear               Hex            5%         N/A       50%         4
 Flame Wave               Conj/Fire      1%         2d4       94%         4
 Summon Cactus Giant      Summ           0%         N/A       100%        6


Dungeon Overview and Level Annotations

Branches:
Dungeon (3/15)

Altars:

Annotations:
D:2 Natasha


Innate Abilities, Weirdness & Mutations

You cannot be hasted, slowed, berserked, paralysed or teleported.
You can dig through walls and to a lower floor.
You have a pair of large antennae on your head. (SInv)
Your four strong arms can wield two-handed weapons with a shield.


Message History

Found 8 gold pieces.
You shoot a bolt. The bolt hits the gnoll!
The gnoll shouts!
The gnoll is heavily wounded.
The gnoll shouts!
You hear a shout!
A gnoll comes into view. It is wielding a +0 whip.
A hobgoblin comes into view.
You shoot a bolt. The bolt completely misses the gnoll.
The bolt hits the gnoll.
The gnoll is heavily wounded.
You hear the rusting of a very distant drain.
Casting: Slow (safe; 5% risk of failure)
Confirm with . or Enter, or press ? or * to list all spells.
Aiming: Slow (safe; 5% risk of failure)
Press: ? - help, Shift-Dir - straight line, f/p - gnoll
Aim: a gnoll, wielding a +0 whip (heavily wounded, chance to affect: 58%)
The gnoll seems to slow down.
A kobold comes into view. It is wielding a +0 short sword.
The orc wizard points at you and mumbles some strange words.
You resist with some effort.
There is a stone staircase leading up here.
You shoot a bolt.
The bolt hits the gnoll but does no damage.
You shoot a bolt. The bolt hits the gnoll.
The gnoll is heavily wounded.
An orc warrior comes into view. It is wielding a +0 halberd.
The orc wizard gestures at you while chanting.
The puff of flame hits you.
The gnoll throws a throwing net.
The throwing net hits you.
You become entangled in the net!
The orc warrior moves out of view.
You tear a large gash into the net.
The hobgoblin hits you.
You shred the net and break free! The hobgoblin misses you.
The gnoll hits you with a +0 whip. The hobgoblin closely misses you.
The gnoll hits you with a +0 whip!
* * * LOW HITPOINT WARNING * * *
The orc wizard points at you and mumbles some strange words.
You are confused.
In your confused state, you trip and fall back down the stairs.
* * * LOW HITPOINT WARNING * * *
The gnoll closely misses you. The hobgoblin hits you.
* * * LOW HITPOINT WARNING * * *
The gnoll hits you with a +0 whip.
You die...

........... ..$......
#K...... .....g #....
#... #..#+#
.########.#.#
..........#.#
.......g....#
.......gg...#
.....o.@g...#
...........>#
..........#.#
#######+###.# ### { #.#
#.# { { #.####.########
{{ #)#...).......#
#.#.##.######.# ######
#......# #.# #.....
###.##.######.###.####
#................#
........##........#####
######.############ #.
.. ##. #. #.


You could see an orc wizard, 3 gnolls and a hobgoblin.

Vanquished Creatures
  An adder (D:2)
  7 ball pythons
  5 endoplasms
  A giant cockroach (D:2)
  5 goblins
  4 hobgoblins
  3 bats
  3 frilled lizards (D:2)
  3 kobolds
  A rat (D:1)
33 creatures vanquished.

Notes
Turn   | Place    | Note
-------+----------+-------------------------------------------
     0 | D:1      | petzl the Formicid Arcane Marksman began the quest for the
                  | Orb.
     0 | D:1      | Reached XP level 1. HP: 15/15 MP: 2/2
   391 | D:1      | Reached XP level 2. HP: 21/21 MP: 3/3
   753 | D:1      | Found a faded altar of an unknown god.
   818 | D:1      | Reached skill level 1 in Stealth
  1276 | D:2      | Reached XP level 3. HP: 26/26 MP: 5/5
  1420 | D:2      | Noticed Natasha
  1496 | D:2      | Reached skill level 1 in Armour
  1707 | D:3      | Noticed an orc warrior
  1711 | D:3      | HP: 1/27 [hobgoblin (4)]
  1711 | D:3      | Slain by a gnoll

Illustrated notes

Levels and vault maps discovered:
D:1:      dpeg_arrival_erosion, layout_loops_corners,
          dilly_ecumenical_altar_fadedgnrine, minmay_tromino_i4
D:2:      layout_loops_ring, uniq_natasha
D:3:      minmay_bubble_buster, layout_basic, portal_sewer_entry_e

Skill      XL: |  1  2  3 |
---------------+----------+-----
Stealth        | 1 |  1.7
Dodging        | 2 |  2.1
Armour         | 1 |  1.0
Fighting       | |  1.8
Crossbows      | |  2.3
Spellcasting   | |  1.6
Hexes          | |  3.6

Action                   || total
-------------------------++-------
 Fire: Hand crossbow     ||    76
 Cast: Slow              ||     3
Armor: Robe              ||     9
Dodge: Dodged            ||    32

Table legend: (Time is in decaauts)
 A = Elapsed time spent in this place.
 B = Non-inter-level travel time spent in this place.
 C = Inter-level travel time spent in this place.
 D = Time resting spent in this place.
 E = Time spent auto-exploring this place.
 F = Levels seen in this place.
 G = Mean time per level.
                   A        B        C        D        E       F      G
               +--------+--------+--------+--------+--------+-----+--------+
         Total |   1740 |   1692 |     48 |    100 |   1264 |   3 |  580.0 |
       Dungeon |   1740 |   1692 |     48 |    100 |   1264 |   3 |  580.0 |
               +--------+--------+--------+--------+--------+-----+--------+

Top non-repeatable levels by time:
     D:1: 1000 daAuts
     D:2: 602 daAuts
     D:3: 136 daAuts
